 Dungeon Crawl Stone Soup version 0.29-a0-360-g8ed1089bbe (webtiles) character file.

Game seed: 12057011367464080781

933 HendSelp the Fighter (level 8, -2/88 HPs)
             Began as an Ogre Berserker on Apr 28, 2022.
             Was a Priest of Trog.
             Slain by Sigmund
             ... wielding a +3 scythe of protection
              (5 damage)
             ... on level 5 of the Dungeon.
             The game lasted 00:06:47 (8016 turns).

HendSelp the Fighter (Ogre Berserker)               Turns: 8016, Time: 00:06:48

Health: -2/88      AC:  3    Str: 24    XL:     8   Next: 11%
Magic:  8/8        EV: 10    Int:  8    God:    Trog [***...]
Gold:   1390       SH:  0    Dex:  8    Spells: 7/7 levels left

rFire   . . .      SeeInvis .   p - +0 giant club
rCold   + . .      Faith    .   (shield currently unavailable)
rNeg    . . .      Spirit   .   b - +0 animal skin
rPois   .          Reflect  .   (helmet restricted)
rElec   .          Harm     .   (no cloak)
rCorr   +          Rampage  .   (gloves unavailable)
Will    .....                   (boots unavailable)
Stlth   +.........              (no amulet)
HPRegen 0.24/turn               l - ring of protection from cold
MPRegen 0.11/turn               n - ring of resist corrosion

@: on berserk cooldown, slowed, very slow
A: large, unfitting armour, tough skin 1
a: Renounce Religion, Berserk, Trog's Hand


You were on level 5 of the Dungeon.
You worshipped Trog.
Trog was most pleased with you.
You visited 2 branches of the dungeon, and saw 6 of its levels.
You also visited: Sewer.

You collected 1390 gold pieces.

Inventory:

Hand Weapons
 a - a +1 mace
 p - a +0 giant club (weapon)
Armour
 b - a +0 animal skin (worn)
Jewellery
 l - a ring of protection from cold (left hand)
 n - a ring of resist corrosion (right hand)
Scrolls
 f - 2 scrolls of teleportation
 h - a scroll of fog
 q - a scroll of amnesia {unknown}
Potions
 c - a potion of lignification {unknown}
 d - 2 potions of resistance
 e - a potion of mutation {unknown}
 g - 2 potions of brilliance
 i - 2 potions of attraction
 j - a potion of cancellation {unknown}
 k - 3 potions of flight
 m - 2 potions of invisibility {unknown}
 o - a potion of degeneration {unknown}


   Skills:
 * Level 8.0 Fighting
 * Level 7.2 Maces & Flails
 - Level 2.6 Dodging


You had 7 spell levels left.
You didn't know any spells.
Your spell library was empty.

Dungeon Overview and Level Annotations

Branches:
Dungeon (5/15)             Temple (1/1) D:4           Sewer (visited)

Altars:
Ashenzari
Fedhas
Gozag
Hepliaklqana
Kikubaaqudgha
Makhleb
Nemelex Xobeh
Okawaru
Qazlal
Ru
Sif Muna
Trog
Uskayaw
Xom
Yredelemnul
Zin
The Shining One

Shops:
D:5 (

Annotations:
D:4 2 runed translucent doors, NinjaNoafa's ghost, amateur MiHu
D:5 1 runed translucent door, Crazy Yiuf; Sigmund


Innate Abilities, Weirdness & Mutations

You are too large for most types of armour.
You have tough skin. (AC +1)


Message History

You feel yourself moving faster!
You feel mighty!
A magic dart appears from out of thin air!
The magic dart hits you!
You feel a strong urge to attack something.
Something hits you!
Unknown command.
You closely miss something. You miss something. Something hits you!
Unknown command.
You hit something. Something hits you!
You closely miss something. You miss something. Something hits you.
You closely miss something. You barely miss something.
You hear some strange, mumbled words.
A puff of flame appears from out of thin air!
The puff of flame hits you.
You miss something. Something hits you!
You miss something. You barely miss something. Something hits you!
You barely miss something. You miss something. Something hits you.
You closely miss something. You closely miss something. Something hits you!
You miss something.
You are no longer berserk.
You are exhausted.
You feel yourself slow down.
You miss something. Something hits you. Something hits you!
* * * LOW HITPOINT WARNING * * *
Unknown command.
You miss something. Something hits you!
* * * LOW HITPOINT WARNING * * *
Unknown command.
You barely miss something. Something hits you!
* * * LOW HITPOINT WARNING * * *
Unknown command.
Okay, then.
You barely miss something. Something hits you.
You die...

......##.#....##.# ........ #...
.....###....####.# ........ ##..
.....##...### #.# .........##...
####.#....# #.# .. .........##
.†......#.# #.#.. ........##.
##.....##.### #.#. ......#..#.
#.......#...# #.. ......#....
.>.......##.## #{# ##### #.##.
.........##..###@# #.##.
.........###..#..# #####....
...........##....## ##......##
..>...............######.........
.........###..<##.....##.........
.........# ###.####..............
.........# ### #...<..........
........ #...#..........
#...#..........


There were no monsters in sight!

Vanquished Creatures
  Pargi (D:3)
  A black bear (D:5)
  An ogre (D:5)
  3 scorpions
  A hound (D:4)
  2 orc priests (D:4)
  2 iguanas (D:4)
  2 orc wizards
  5 river rats
  10 adders
  4 worms
  4 dart slugs
  9 orcs
  4 bats
  8 endoplasms
  11 giant cockroaches
  8 goblins
  9 hobgoblins
  6 jackals
  8 kobolds
  2 quokkas
  11 ball pythons
  10 frilled lizards
  24 rats
146 creatures vanquished.

Vanquished Creatures (others)
  7 fungi (D:1)
7 creatures vanquished.

Grand Total: 153 creatures vanquished

Notes
Turn   | Place    | Note
-------+----------+-------------------------------------------
     0 | D:1      | HendSelp the Ogre Berserker began the quest for the Orb.
     0 | D:1      | Reached XP level 1. HP: 24/24 MP: 1/1
   266 | D:1      | Reached XP level 2. HP: 32/33 MP: 2/2
   799 | D:1      | Reached XP level 3. HP: 22/40 MP: 3/3
  1626 | D:2      | Reached skill level 5 in Fighting
  1762 | D:2      | Noticed a scorpion
  1769 | D:2      | Reached XP level 4. HP: 50/50 MP: 4/4
  1769 | D:2      | Reached ** piety under Trog
  1771 | D:2      | Killed a scorpion
  1772 | D:2      | Reached XP level 5. HP: 57/57 MP: 5/5
  3017 | D:3      | Reached skill level 5 in Maces & Flails
  3023 | D:3      | Reached *** piety under Trog
  3024 | D:3      | Reached XP level 6. HP: 57/67 MP: 6/6
  3182 | D:3      | Reached skill level 6 in Fighting
  3294 | D:3      | Noticed Pargi
  3306 | D:3      | Killed Pargi
  4398 | D:3      | Found a hazy altar of Hepliaklqana.
  4643 | D:4      | Reached XP level 7. HP: 25/76 MP: 7/7
  5131 | D:4      | Found a staircase to the Ecumenical Temple.
  5141 | D:4      | Reached skill level 7 in Fighting
  5275 | D:4      | Found a glowing drain.
  5292 | Sewer    | Entered a sewer
  6458 | Sewer    | Identified a scroll of acquirement
  6458 | Sewer    | Acquired 1148 gold pieces
  6892 | Temple   | Entered the Ecumenical Temple
  7197 | D:4      | Found a large runed translucent door.
  7197 | D:4      | Found a large runed translucent door.
  7201 | D:4      | Noticed NinjaNoafa's ghost (amateur MiHu)
  7652 | D:5      | Entered Level 5 of the Dungeon
  7816 | D:5      | Found Jausho's Antique Weapon Emporium.
  7868 | D:5      | Reached XP level 8. HP: 88/88 MP: 8/8
  7872 | D:5      | Reached skill level 8 in Fighting
  7947 | D:5      | Found a runed translucent door.
  7948 | D:5      | Noticed Crazy Yiuf
  7991 | D:5      | Noticed Sigmund
  8015 | D:5      | HP: 3/88 [something (9)]
  8016 | D:5      | Slain by Sigmund

Illustrated notes

Levels and vault maps discovered:
D:1:      heliophobic_arrival_dark_side_of_the_moon, layout_loops_ring,
          dreamdust_mushroom_princess, minmay_pentomino_o2
D:2:      layout_loops_ring, minmay_divided_ellipse
D:3:      mumra_celtic_spiral_tile, layout_basic,
          worldfamousw_hep_ancestral_shrine, corexii_shack, uniq_pargi
D:4:      layout_basic, minmay_temple_entry_proselytizer,
          ebering_ghost_disaster_area, portal_sewer_entry_a, moated_statue,
          minmay_pentomino_pile
D:5:      layout_rooms, serial_shops, nicolae_shop_crystal, uniq_sigmund,
          uniq_crazy_yiuf_cottage, uniq_duvessa
Temple:   eino_temple_scatter_basement

Skill      XL: |  1  2  3  4  5  6  7  8 |
---------------+-------------------------+-----
Maces & Flails | 3 4 5 7 |  7.2
Fighting       | 5 6 7 8 |  8.0
Dodging        | |  2.6

Action                   |  1- 3 |  4- 6 |  7- 9 || total
-------------------------+-------+-------+-------++-------
Melee: Mace              |   139 |   160 |   167 ||   466
       Punch             |       |       |     5 ||     5
       Giant club        |       |       |    19 ||    19
Invok: Berserk           |     2 |     2 |     5 ||     9
  Use: Scroll            |     2 |     9 |     5 ||    16
       Potion            |       |       |     4 ||     4
 Stab: Sleeping          |       |       |     4 ||     4
Armor: Animal skin       |    52 |    54 |    62 ||   168
Dodge: Dodged            |    76 |    91 |   112 ||   279

Table legend: (Time is in decaauts)
 A = Elapsed time spent in this place.
 B = Non-inter-level travel time spent in this place.
 C = Inter-level travel time spent in this place.
 D = Time resting spent in this place.
 E = Time spent auto-exploring this place.
 F = Levels seen in this place.
 G = Mean time per level.
                   A        B        C        D        E       F      G
               +--------+--------+--------+--------+--------+-----+--------+
         Total |   8178 |   7871 |    307 |   1105 |   5690 |   7 | 1168.3 |
       Dungeon |   6767 |   6475 |    292 |    687 |   4901 |   5 | 1353.4 |
        Temple |    181 |    167 |     14 |      0 |    152 |   1 |  181.0 |
         Sewer |   1229 |   1229 |      0 |    418 |    637 |   1 | 1229.0 |
               +--------+--------+--------+--------+--------+-----+--------+

Top non-repeatable levels by time:
     D:3: 2092 daAuts
     D:1: 1648 daAuts
     D:2: 1372 daAuts
     D:4: 1284 daAuts
   Sewer: 1229 daAuts
     D:5: 369 daAuts
  Temple: 181 daAuts
